[Event "XIII Marques de Pombal 2022"]
[Site "Pombal"]
[Date "2022.10.09"]
[Round "7.7"]
[White "Areal, Maria Beatriz Moura "]
[Black "Goncalves, Samuel Jesus Pereira"]
[Result "0-1"]
[ECO "B02"]
[WhiteElo "1536"]
[BlackElo "2072"]
[Annotator "TA"]
[PlyCount "90"]
[EventDate "2022.09.28"]
[EventType "swiss"]
[EventCountry "POR"]
[SourceTitle "playchess.com"]
[Source "ChessBase"]
[SourceQuality "1"]
[TimeControl "5400+30"]

1. e4 Nf6 2. e5 Nd5 3. Bc4 Nb6 4. Bb3 e6 5. d4 d6 6. exd6 {[%emt 0:03:22] B02: Alekhine's Defence: Chase Variation and lines with early Nc3.} Bxd6 7. Nf3 O-O 8. O-O {[%emt 0:01:15] [#] White is slightly better.} a5 $146 {[%emt 0:04:31] Hoping for ...a4.} ({Predecessor:} 8... c5 9. dxc5 Bxc5 10. Nc3 Nc6 11. Ne4 Be7 12. Be3 Nd5 13. Bxd5 exd5 14. Nc3 Be6 {1-0 (57) Sautter,J (1584)-Homann,C (1523) Playchess.com INT 2020}) 9. c3 Na6 10. Qd3 {[%emt 0:11:13] [#]} (10. Bc2 $16) 10... h6 (10... Nc5 $1 $11 11. Qe2 Nxb3 12. axb3 Nd5) 11. Bc2 $16 f5 12. Re1 Qf6 13. Nbd2 Rd8 14. Nc4 Nxc4 15. Qxc4 b6 16. Ba4 c5 17. Bb5 (17. Bc6 $5 Rb8 18. Be3 $14) 17... Nc7 18. dxc5 (18. Bc6 $14) 18... bxc5 $11 19. Ba4 Ba6 20. Qb3 (20. Qh4 $1 $15) 20... Rab8 $17 21. Qc2 Bd3 22. Qd2 {[%emt 0:00:51] [#]} g5 $1 {[%emt 0:16:22][%cal Bg7g5,Bg5g4][%mdl 32] ...g4! is the strong threat.} 23. Kh1 (23. Qe3 $17) (23. g3 Ba6) 23... Be4 $2 ({Black should try} 23... Bf4 $19 24. Qd1 Be4) 24. Qe2 $15 g4 25. Nd2 Qh4 26. Nf1 c4 {[%emt 0:06:08] Strongly threatening ...Bd3.} (26... Qh3 $2 27. Qxe4 $3 Qh5 28. Qc6 $18) 27. Bc2 {[%emt 0:01:28] Inhibits Bd3.} Bd5 $40 {[%emt 0:01:05][%mdl 128] Black mounts an attack.} 28. Kg1 {[%emt 0:00:50] [#]} (28. Rd1 $1 $11 {keeps the balance.}) 28... Rf8 {[%emt 0:00:41] Black is much more active.} (28... Rd7 $1 $17) 29. Qd2 Rf6 30. Qd4 $2 (30. b3 $1 $11 {and White has nothing to worry.} Rd8 31. bxc4) 30... Rbf8 $2 (30... Nb5 $19 31. Qd2 Rd8) 31. Bf4 $16 Nb5 32. Qd2 {[%emt 0:00:21] Threatens to win with Ba4.} Qh5 (32... Bxf4 $16 {keeps fighting.} 33. Qxf4 Qg5 34. Qxg5+ hxg5) 33. Bxd6 ({White should play} 33. a4 $18 Bxf4 34. Qxf4) 33... Nxd6 34. Ng3 (34. Ne3 $16) 34... Qf7 (34... Qg5 $11 35. Qd4 Rb8) 35. Re2 $2 {[%emt 0:01:15] [#]} (35. Rad1 $14) 35... f4 $1 $17 36. Ne4 Nxe4 37. Bxe4 f3 38. Ree1 ({Wrong is} 38. gxf3 $2 gxf3 39. Kh1 fxe2 $19) 38... fxg2 39. Bxd5 Rxf2 {[%emt 0:00:56] Chess con chili.} ({Much worse is} 39... exd5 $6 40. Re2 $11) 40. Qe3 $2 (40. Rxe6 $17 Rxd2 41. Rg6+ Kh7 42. Bxf7) 40... exd5 $19 41. Qg3 h5 (41... Qa7 $142 42. Re3 Rf1+ 43. Kxg2 Rxa1) 42. h3 Qf3 (42... Qa7 $142 43. Re3 d4 44. cxd4 Rf1+ 45. Kh2 Rxa1 46. Re1 Rf1 47. Re8+ Kf7 48. Rf8+ Kxf8 49. Qd6+ Qe7 50. Qxe7+ Kxe7 51. Kxg2 Rg1+ 52. Kf2 gxh3 53. Ke3 Rae1+ 54. Kf2 h2 55. d5 h1=Q 56. d6+ Kxd6 57. b3 Qg2#) 43. Qxf3 {[%emt 0:00:39] Black is clearly winning.} R8xf3 44. hxg4 h4 45. Re8+ Kf7 {[%emt 0:00:20] Both players deserved the win here.  Weighted Error Value: White=0.74/Black=0.49} 0-1

[Event "XIII Marques de Pombal 2022"]
[Site "Pombal"]
[Date "2022.10.09"]
[Round "7.8"]
[White "Figueiredo, Mario Jose da Rocha"]
[Black "Gomes, Micael"]
[Result "1/2-1/2"]
[ECO "D53"]
[WhiteElo "1842"]
[BlackElo "1516"]
[Annotator "NA RC COMBH"]
[PlyCount "73"]
[EventDate "2022.09.28"]
[EventType "swiss"]
[EventCountry "POR"]
[SourceTitle "playchess.com"]
[Source "ChessBase"]
[SourceQuality "1"]
[TimeControl "5400+30"]

1. d4 Nf6 2. c4 e6 3. Nc3 d5 4. Bg5 Be7 5. e3 a6 6. Nf3 dxc4 7. Bxc4 b5 8. Bd3 Bb7 9. O-O Nbd7 10. Rc1 O-O 11. Qe2 c5 12. Rfd1 c4 13. Bb1 Rc8 14. Ne5 Nxe5 15. dxe5 Nd5 16. Qh5 g6 17. Bxe7 Qxe7 18. Qh6 Rfd8 19. Ne4 f5 20. Ng5 Nc7 (20... c3 $1 $15 {stays ahead.} 21. bxc3 Nxc3 22. Rxd8+ Rxd8) 21. Rd6 Bd5 22. Rd1 Qg7 23. Qxg7+ Kxg7 24. Nxe6+ Nxe6 25. R1xd5 Rxd6 26. Rxd6 Rd8 27. Rxd8 Nxd8 28. f4 Ne6 29. Kf2 a5 30. Ke2 Kf7 (30... b4 $16 31. e4 Nxf4+ 32. Kf3 Ne6) 31. g3 Nc5 {[%emt 0:00:27] [#]} 32. Bc2 ({White should try} 32. e4 $1 $18 ) 32... b4 33. Kd2 Ke6 34. h4 (34. Bd1 $142) 34... Kd5 35. b3 ({White should play} 35. Kc1 $16) 35... c3+ 36. Ke2 h5 $11 37. Kf3 1/2-1/2